 Dungeon Crawl Stone Soup version 0.27.1-1-g398f81649c (webtiles) character file.

Game seed: 8431644342002665296

151 Kangaroobicon the Ruffian (level 5, 0/53 HPs)
             Began as a Troll Monk on Sept 18, 2021.
             Slain by AZSletch's ghost (7 damage)
             ... on level 3 of the Dungeon.
             The game lasted 00:22:31 (2002 turns).

Kangaroobicon the Ruffian (Troll Monk)              Turns: 2002, Time: 00:22:36

Health: 0/53       AC:  4    Str: 19    XL:     5   Next: 11%
Magic:  4/4        EV: 10    Int:  6    God:
Gold:   17         SH:  0    Dex: 13    Spells: 4/4 levels left

rFire    . . .     SeeInvis .     - Unarmed
rCold    . . .     Faith    .   (no shield)
rNeg     . . .     Spirit   .   a - +0 robe
rPois    .         Reflect  .   (helmet restricted)
rElec    .         Harm     .   (no cloak)
rCorr    .         Rampage  .   (gloves unavailable)
Will     .....                  (boots unavailable)
Stlth    ++........             (no amulet)
HPRegen  1.17/turn              k - +4 ring of slaying
MPRegen  0.09/turn              (no ring)

@: no status effects
A: large, unfitting armour, claws 3, regeneration 1, shaggy fur 1, tough skin 1
a: no special abilities


You were on level 3 of the Dungeon.
You visited 1 branch of the dungeon, and saw 3 of its levels.

You collected 82 gold pieces.
You spent 65 gold pieces at shops.

Inventory:

Hand Weapons
 d - a +2 short sword of venom
 g - a +0 hunting sling
Missiles
 c - 71 stones (quivered)
 f - 3 throwing nets
 o - 38 sling bullets
 r - 4 large rocks
 s - 50 arrows
 u - 24 bolts
Armour
 a - a +0 robe (worn)
Jewellery
 k - a +4 ring of slaying (left claw)
Scrolls
 b - a scroll of identify {unknown}
 j - a scroll of vulnerability {unknown}
 m - 2 scrolls of immolation {unknown}
Potions
 e - 2 potions of might {unknown}
 h - 2 potions of lignification {unknown}
 i - a potion of invisibility {unknown}
 l - a potion of mutation {unknown}
 n - a potion of haste {unknown}
 p - a potion of attraction {unknown}
 q - a potion of curing {unknown}
 t - 2 potions of heal wounds


   Skills:
 + Level 3.0 Fighting
 + Level 3.1 Dodging
 + Level 1.3 Stealth
 + Level 4.6 Unarmed Combat


You had 4 spell levels left.
You didn't know any spells.
Your spell library contained the following spells:

 Spells                   Type           Power      Damage    Failure   Level
 Freeze                   Ice            0%         1d3       45%         1
 Frozen Ramparts          Ice            0%         1d2       83%         3
 Hailstorm                Conj/Ice       0%         3d3       99%         4


Dungeon Overview and Level Annotations

Branches:
Dungeon (3/15)

Altars:
Yredelemnul

Shops:
D:3 !

Annotations:
D:3 1 transporter, AZSletch's ghost, amateur TrTm


Innate Abilities, Weirdness & Mutations

You are too large for most types of armour.
You have claws for hands.
Your natural rate of healing is unusually fast.
You are covered in fur. (AC +1)
You have tough skin. (AC +1)


Message History

The orc priest is lightly wounded.
The orc priest calls down the wrath of Beogh upon you.
Pain shoots through your body!
You claw the orc priest!
You kill the orc priest!
You have reached level 5!
Items here: )) ††.
Okay, then.
Things that are here:
a +0 hand axe; an orc corpse
Found 16 gold pieces.
Found a transporter.
Found a transporter.
Press: ? - help, v - describe, . - travel A transporter.
There is an open door here.
There is an entrance to Syxzergh's Distillery here.
t - 2 potions of heal wounds (gained 1) Thank you for shopping at Syxzergh's Distillery!
There is an open door here.
You open the door.
There is an open door here.
Found a scroll labelled HUALUK ILIOKHA.
AZSletch's ghost turns its malevolent gaze towards you.
Found 15 gold pieces.
The ogre shouts!
There is a transporter landing site here.
AZSletch's ghost shouts, "I was like you once."
There is a transporter here.
You enter the transporter and appear at another place.
You see here 15 gold pieces.
You now have 17 gold pieces (gained 15).
AZSletch's ghost swings its fists at you.
You scratch the ogre.
The ogre is moderately wounded.
The ogre hits you with the +11 great mace "Saischah" {flame, +Blink}!!
Ouch! That really hurt!
The ogre burns you!
* * * LOW HITPOINT WARNING * * *
AZSletch's ghost hits you!
You die...

...#
#.##.##........#
..##
#....##........#
...#
#####.##########
#..# #.#©.....#
#..# #.#.#..#.#
#..# #.#..##..#
#..#######.#..##..#
..........©#$#.W#.#
..######...#?..O@©#
..# ##.©#.#..#.#
.># ##.#..##..# ###
#.#..##..#
#.#.#..#.#
#.#......#
#.######## ####


You could see an ogre and AZSletch's ghost.

Vanquished Creatures
  An orc priest (D:3)
  2 adders (D:2)
  4 gnolls (D:3)
  A dart slug (D:3)
  3 orcs (D:3)
  4 ball pythons
  5 endoplasms
  2 goblins
  8 hobgoblins
  9 kobolds
  5 quokkas (D:1)
  6 bats
  4 frilled lizards
  6 rats
60 creatures vanquished.

Notes
Turn   | Place    | Note
-------+----------+-------------------------------------------
     0 | D:1      | Kangaroobicon the Troll Monk began the quest for the Orb.
     0 | D:1      | Reached XP level 1. HP: 22/22 MP: 0/0
    68 | D:1      | Found a faded altar of an unknown god.
   277 | D:1      | Reached XP level 2. HP: 29/29 MP: 1/1
   970 | D:2      | Reached XP level 3. HP: 34/36 MP: 2/2
  1166 | D:2      | Found a basalt altar of Yredelemnul.
  1734 | D:3      | Reached XP level 4. HP: 43/45 MP: 3/3
  1798 | D:3      | Reached skill level 4 in Unarmed Combat
  1885 | D:3      | Found Syxzergh's Distillery.
  1920 | D:3      | Reached XP level 5. HP: 20/53 MP: 4/4
  1932 | D:3      | Found a transporter.
  1933 | D:3      | Found a transporter.
  1957 | D:3      | Bought a potion of heal wounds for 65 gold pieces
  1980 | D:3      | Noticed AZSletch's ghost (amateur TrTm)
  1981 | D:3      | Identified the +11 great mace "Saischah" {flame, +Blink}
  1981 | D:3      | Noticed an ogre
  2002 | D:3      | Slain by AZSletch's ghost

Illustrated notes

Levels and vault maps discovered:
D:1:      grunt_arrival_lava_bath, layout_basic, basic_ecumenical_altar,
          due_unseen_surprise
D:2:      layout_basic, basic_altar, minmay_hedge_maze, minmay_diced_spiral
D:3:      layout_basic, serial_shops, nicolae_shop_stone, gammafunk_ghost_smash,
          kennysheep_generic_room_4

Skill      XL: |  1  2  3  4 |
---------------+-------------+-----
Fighting       | 3 |  3.0
Unarmed Combat | 4 |  4.6
Dodging        | 3 |  3.1
Stealth        | |  1.3

Action                   |  1- 3 |  4- 6 || total
-------------------------+-------+-------++-------
Melee: Unarmed           |   106 |    31 ||   137
 Stab: Sleeping          |     2 |       ||     2
Armor: Robe              |    30 |     2 ||    32
Dodge: Dodged            |    44 |     4 ||    48
